[Event "*** Titled Tuesday 3|2 Blitz"]
[Site "Chess.com"]
[Date "2016.01.05"]
[Round "1"]
[White "Matibar"]
[Black "Jahonas"]
[Result "1-0"]
[WhiteElo "2411"]
[BlackElo "2103"]
[TimeControl "180+2"]
[EndTime "11:10:07 PST"]
[Termination "Matibar won by resignation"]

1. g3 d5 2. Bg2 Nf6 3. f4 Nc6 4.
Nf3 Bg4 5. d4 Bxf3 6. Bxf3 e6 7.
Be3 h5 8. Nd2 Ng4 9. Bg1 f5 10.
h4 g6 11. c3 Bg7 12. Qb3 Rb8 13. O-O-O O-O 14. Kb1 b5 15. Qc2 Na5 16. Nb3 Nxb3 17. axb3 a5 18. e3 c6 19. Bf2 Qb6 20. Rhe1 a4 21.
Bg1 axb3 22. Qxb3 Ra8 23. Kc2 Ra4 24. Ra1 Rfa8 25. Rxa4 Rxa4 26. Kd2 Qa5 27. Rb1 Bf8 28. Ke2 Nf6 29. Bf2 Ra1 30. Qd1 Rxb1 31. Qxb1 b4 32.
Qc2 bxc3 33. bxc3 c5 34. Be1 Qb5+ 35. Kf2 c4 36. Bd1 Ne4+ 37. Kf3 Be7 38. Qa2 Kf7 39.
Ke2 Qb8 40. Bc2 Nf6 41. Bd2 Ng4 42. Bc1 Qd6 43. Qa8 Qd8 44. Qa7 Nf6 45. Ba3 Kf8 46.
Bc5 Nd7 47. Ba4 Nxc5 48. dxc5 d4 49. cxd4 Qd5 50. Qb8+ Kg7 51. Qe5+ Qxe5 52. fxe5 g5 53. c6 Bd8 54. hxg5 Kg6 55. d5 exd5 56. e6 Ba5 57. c7 Bxc7 58. e7 Kf7 59. e8=Q+ 1-0

[Event "*** Titled Tuesday 3|2 Blitz"]
[Site "Chess.com"]
[Date "2016.01.05"]
[Round "1"]
[White "BjarkeSahl"]
[Black "aspired"]
[Result "1/2-1/2"]
[WhiteElo "2119"]
[BlackElo "2397"]
[TimeControl "180+2"]
[EndTime "11:10:09 PST"]
[Termination "Game drawn by agreement"]

1. e4 e5 2. Nf3 Nc6 3. Bc4 Bc5 4. c3 Nf6 5. d4 exd4 6. cxd4 Bb4+ 7. Nc3 Nxe4 8. O-O Nxc3 9. bxc3 Be7 10. d5 Na5 11. d6 cxd6 12. Bd5 O-O 13. Bf4 Rb8 14. Re1 Nc6 15. Rxe7 Nxe7 16. Bxd6 Ra8 17. Be4 Ng6 18.
Bxf8 Qxf8 19. h4 Qe7 20. Qd4 d6 21. Re1 Be6 22. h5 Nf8 23. Qd3 h6 24. Nd4 Rd8 25. Bd5 Qf6 26. Bxb7 Bxa2 27. c4 Rb8 28. Bd5 Rb2 29.
Qe3 a5 30. Nc6 a4 31. Ne7+ Kh8 32. g4 Rb1 33. Nf5 Rxe1+ 34. Qxe1 Kg8 35. Qe8 g6 36.
Nxh6+ Kg7 37. Nxf7 gxh5 38. g5 Qf4 39. Qe7 Ng6 40.
Qf6+ Qxf6 41. gxf6+ Kxf6 42. Nxd6 Nf4 43. Bf3 Bb1 44. Nb5 Ke5 45. c5 h4 46. c6 Ne6 47. c7 Nxc7 48. Nxc7 a3 49. Bd5 Kd6 50. Nb5+ Kxd5 51. Nxa3 Bf5 52. Nb5 Bd7 53. Nc3+ Kd4 54.
Nd1 Ke4 55. Kh2 Kf3 56. Ne3 Kxf2 57. Nd5 Kf3 58. Nf6 Be6 59. Ne8 Kg4 60. Nc7 Bc4 61. Ne8 Kg5 62. Nd6 Bd5 63. Nb5 Kf4 64. Nc3 Be6 65.
Ne2+ Kf3 66. Nd4+ Ke4 67. Nxe6 1/2-1/2

[Event "*** Titled Tuesday 3|2 Blitz"]
[Site "Chess.com"]
[Date "2016.01.05"]
[Round "1"]
[White "GeorgMeier"]
[Black "MateusViageiro"]
[Result "1-0"]
[WhiteElo "2675"]
[BlackElo "2251"]
[TimeControl "180+2"]
[EndTime "11:10:38 PST"]
[Termination "GeorgMeier won by resignation"]

1. Nf3 Nf6 2. d4 e6 3. g3 b6 4. Bg2 Bb7 5. c4 Bb4+ 6. Bd2 Be7 7. Nc3 O-O 8. O-O Ne4 9. d5 Nxc3 10. Bxc3 Bf6 11. Rc1 Na6 12. e4 Bxc3 13. Rxc3 d6 14. a3 Nc5 15. Re1 a5 16. b4 axb4 17. axb4 Na6 18.
Qb3 e5 19. Qb2 Nb8 20. c5 bxc5 21. bxc5 Bc8 22. c6 Na6 23. Nd2 Nc5 24. Ra3 Ba6 25. Rea1 Rb8 26. Qc3 Bc8 27. Ra7 f5 28. h4 fxe4 29.
Nxe4 Nxe4 30. Bxe4 Qf6 31. Qc2 Rb4 32. Rxc7 Rxe4 33. Rxc8 Rxc8 34. Qxe4 g6 35. Kg2 Qf5 36. f3 Qf7 37. Rb1 Rc7 38. g4 Kg7 39. g5 Ra7 40. Kg3 Qc7 41. Qg4 Qe7 42. Qe6 Qxe6 43. dxe6 Kf8 44. Rb7 Ra1 45. c7 Rc1 46. Rb8+ Ke7 47.
c8=Q Rxc8 48. Rxc8 Kxe6 49. Rh8 d5 50. Rxh7 d4 51.
Rg7 Kf5 52. Rf7+ Ke6 53. Rf6+ Kd5 54. Rxg6 d3 55. Rg8 Kc4 56. Rd8 Kc3 57. g6 d2 58.
g7 Kc2 59. g8=Q 1-0

[Event "*** Titled Tuesday 3|2 Blitz"]
[Site "Chess.com"]
[Date "2016.01.05"]
[Round "1"]
[White "Tesla37"]
[Black "GargleBlaster"]
[Result "1-0"]
[WhiteElo "2528"]
[BlackElo "2198"]
[TimeControl "180+2"]
[EndTime "11:10:51 PST"]
[Termination "Tesla37 won on time"]

1. e4 e5 2. Nf3 Nc6 3. Bb5 f5 4. Nc3 fxe4 5. Nxe4 Nf6 6. Nxf6+ Qxf6 7. O-O Nd4 8. Nxd4 exd4 9. Bc4 c6 10. d3 d5 11. Bb3 Be7 12. Qh5+ Qf7 13. Qe5 Qf6 14. Bf4 O-O 15. Qxf6 Bxf6 16. Rae1 Bd7 17. Be5 Rae8 18. Bxf6 gxf6 19. h3 Kf7 20. Kh2 Re5 21. f4 Re3 22.
Rxe3 dxe3 23. Re1 Re8 24. Kg3 Kg6 25. Kf3 d4 26. c3 c5 27. Bd5 Bb5 28. Ke2 Re7 29.
cxd4 cxd4 30. Rc1 h5 31. Rc5 Ba6 32. Bf3 h4 33. b4 b6 34. Rd5 Rc7 35. Rxd4 Rc2+ 36.
Kxe3 Rxa2 37. Rd7 Bb5 38. Rc7 a5 39. bxa5 bxa5 40. f5+ Kh6 41. Rf7 Kg5 42. Be4 a4 43.
Rg7+ Kh6 44. Rg6+ Kh7 45. Rxf6 a3 46. Rf7+ Kg8 47. Ra7 Ra1 48. f6 Be8 49. Bd5+ Kf8 50. f7 Bxf7 51. Rxf7+ Ke8 52. Ra7 Re1+ 53. Kd2 Re5 54.
Bc6+ Kd8 55. Rxa3 Rg5 56. Bf3 Kc7 57. Ra4 Rb5 58. Rxh4 Rb2+ 59. Ke3 Rb8 60. Rh7+ Kd6 61. g4 Re8+ 62. Kf2 Rf8 63. Kg3 Ke5 64. h4 Kd4 65.
Rd7+ Ke3 66. Re7+ Kd4 67. h5 Kc5 68. h6 Kd6 69. Rg7 Rh8 70. g5 Ke6 71. Be4 Ke5 72. h7 Ke6 73. Rg8 Kf7 74. Rxh8 Kg7 75. Rd8 Kf7 76.
g6+ Ke7 77. h8=Q Ke6 78. Qe8+ Kf6 79. Rd6+ 1-0

[Event "*** Titled Tuesday 3|2 Blitz"]
[Site "Chess.com"]
[Date "2016.01.05"]
[Round "1"]
[White "maciek_92"]
[Black "Dlugy"]
[Result "0-1"]
[WhiteElo "2183"]
[BlackElo "2595"]
[TimeControl "180+2"]
[EndTime "11:11:04 PST"]
[Termination "Dlugy won by checkmate"]

1. c4 Nf6 2. g3 g6 3. Bg2 Bg7 4. Nc3 O-O 5. d4 d6 6. Nf3 c6 7.
O-O Qa5 8. h3 e5 9. e3 Be6 10.
Qd3 e4 11. Nxe4 Nxe4 12. Qxe4 Bxc4 13. Rd1 Nd7 14. Qc2 Qa6 15. b3 Be6 16. e4 d5 17. Ng5 c5 18. Nxe6 fxe6 19. Be3 cxd4 20. Bxd4 e5 21. Bb2 Rac8 22. Qd2 d4 23. Bf1 Qe6 24.
Rac1 Kh8 25. Rxc8 Rxc8 26. Rc1 Nf6 27. Qd3 Rxc1 28. Bxc1 Qc6 29. Bg5 Nd7 30. b4 h6 31.
Bd2 a6 32. Bg2 b5 33. a3 Nb6 34. f4 Nc4 35. fxe5 Qd7 36. Bf4 g5 37. Bc1 Nxe5 38.
Qb3 d3 39. Qd5 Qxd5 40. exd5 Nc4 41. d6 d2 42. Bxd2 Nxd2 43. Bb7 Nc4 44. d7 Bf6 45.
Bxa6 Nxa3 46. Kf2 Kg7 47. Kf3 Kf7 48. Kg4 Ke7 49. Kh5 Kxd7 50. Kxh6 Be7 51. Kh5 Ke6 52. Kg4 Kf6 53. h4 gxh4 54. gxh4 Bxb4 55. Kf4 Bc3 56. Ke4 b4 57. Kd3 Kf5 58. Bc8+ Kg6 59. Bg4 Nb5 60.
Bd1 Nd6 61. Kc2 Nf5 62. h5+ Kg5 63. Kb3 Ng7 64. Ka2 Nxh5 65. Kb1 Nf6 66. Ba4 Kf4 67.
Kc2 Ke5 68. Bb5 Kd4 69. Bf1 Ne4 70. Ba6 Nc5 71. Bc8 b3+ 72. Kb1 b2 73. Bf5 Ne4 74.
Ka2 Nd2 75. Bc2 Kc4 76. Bh7 Kb4 77. Bg6 Be5 78. Bh7 Nc4 79. Bg6 Nd6 80. Bd3 Nc4 81. Bg6 Bf4 82. Bd3 Bc1 83. Kb1 Na3+ 84. Ka2 Nb5 85. Bb1 Nc3# 0-1

[Event "*** Titled Tuesday 3|2 Blitz"]
[Site "Chess.com"]
[Date "2016.01.05"]
[Round "1"]
[White "Malev212"]
[Black "Anton_Demchenko"]
[Result "0-1"]
[WhiteElo "2265"]
[BlackElo "2675"]
[TimeControl "180+2"]
[EndTime "11:11:13 PST"]
[Termination "Anton_Demchenko won by resignation"]

1. Nf3 Nf6 2. c4 g6 3. Nc3 Bg7 4. e4 O-O 5. d4 d6 6. Be2 Na6 7.
O-O e5 8. d5 Nc5 9. Qc2 a5 10.
Bg5 h6 11. Be3 b6 12. Nd2 Nh7 13. a3 f5 14. f3 a4 15. b4 axb3 16. Nxb3 f4 17.
Bf2 Bf6 18. Kh1 Bh4 19. Bg1 Bd7 20. Nxc5 bxc5 21. a4 Nf6 22. Bf2 Nh5 23. Kg1 Qg5 24.
Bxh4 Qxh4 25. Nb5 Qd8 26. a5 Ra6 27. Rfb1 g5 28. Bd1 Nf6 29. Qf2 Kh7 30. Ra3 Rg8 31. Kh1 g4 32. Qh4 Rg5 33. fxg4 Bxg4 34. Bxg4 Rxg4 35.
Qe1 Rg7 36. Nc3 Ng4 37. Nd1 Qg5 38. Rb2 Qh5 39. Rh3 Qg6 40. Qe2 Rxa5 41. Rb1 Nf6 42.
Nc3 Ra8 43. Rf3 Ng4 44. Nd1 Ra4 45. h3 Nf6 46. Nc3 Rb4 47. Rg1 Nh5 48. Kh2 Ng3 49. Qd3 Rb2 50. Nd1 Ra2 51. Rf2 Ra1 52. Re1 Nxe4 53.
Rxe4 Rxd1 54. Qxd1 Qxe4 55. Ra2 Qxc4 56. Qb1+ e4 57. Rf2 Qxd5 58. Rxf4 Qe5 59. g3 d5 60.
Qb8 Qg5 61. Rg4 Qd2+ 62. Kh1 Qe1+ 63. Kg2 Qe2+ 64. Kg1 Qe3+ 65. Kg2 Qf3+ 66. Kh2 Qf2+ 67.
Kh1 Rxg4 68. hxg4 Qxg3 69. Qc8 Qe5 70. Qd7+ Kg6 71. Kg2 e3 72. g5 hxg5 73. Qc6+ Kf5 74. Qd7+ Ke4 75. Qh7+ Qf5 76. Qe7+ Kd4 77. Qxc7 Qe4+ 78.
Kg3 Qf4+ 0-1

[Event "*** Titled Tuesday 3|2 Blitz"]
[Site "Chess.com"]
[Date "2016.01.05"]
[Round "1"]
[White "Keranke"]
[Black "Cats4Sale"]
[Result "1-0"]
[WhiteElo "2606"]
[BlackElo "2239"]
[TimeControl "180+2"]
[EndTime "11:11:35 PST"]
[Termination "Keranke won by resignation"]

1. d4 Nf6 2. c4 e6 3. g3 Bb4+ 4. Nd2 Nc6 5. Nf3 d6 6. Bg2 O-O 7. O-O Bxd2 8. Qxd2 e5 9. dxe5 dxe5 10. Qc3 Qe7 11. b3 Bf5 12. Bb2 Rfe8 13. e3 Ne4 14. Qc1 Nc5 15. Nh4 Be4 16. Bxe4 Nxe4 17. Qc2 Nf6 18.
a3 Qe6 19. b4 Qh3 20. f3 Rad8 21. Qe2 Qe6 22. Rad1 h6 23. Ng2 Nd7 24. c5 Nf6 25. e4 Qb3 26. Ne3 Nd4 27. Bxd4 exd4 28. Nf5 d3 29.
Qe3 Qxa3 30. Rb1 Qa2 31. Rfd1 Qe6 32. Rxd3 Rxd3 33. Qxd3 g6 34. Ne3 Qe7 35. Rd1 Kg7 36. Qd4 Kh7 37. Nd5 Nxd5 38. Qxd5 c6 39. Qd6 Kg7 40.
Qd4+ Kh7 41. Kg2 Qe6 42. h4 Qa2+ 43. Rd2 Qe6 44. h5 gxh5 45. Rd1 h4 46. g4 Qa2+ 47.
Kh3 Qe6 48. Kxh4 Qg6 49. Qd7 Rg8 50. Qf5 Qxf5 51. gxf5 b6 52. Rd7 bxc5 53. bxc5 Ra8 54. Rxf7+ Kg8 55. Rc7 a5 56. Rxc6 a4 57. Rb6 a3 58.
Rb1 a2 59. Ra1 Kf7 60. e5 Ra5 61. f4 Ra4 62. Kg4 h5+ 63. Kxh5 Rxf4 64. Kg5 Rf2 65. c6 Rg2+ 66. Kf4 Rf2+ 67. Ke4 Re2+ 68. Kd5 Rd2+ 69. Kc5 Rc2+ 70. Kb6 Rb2+ 71. Ka7 Ke7 72. f6+ Kd8 73. e6 Kc7 74. f7 Kxc6 75. f8=Q 1-0

[Event "*** Titled Tuesday 3|2 Blitz"]
[Site "Chess.com"]
[Date "2016.01.05"]
[Round "1"]
[White "oggy1984"]
[Black "Maitreia"]
[Result "1/2-1/2"]
[WhiteElo "2179"]
[BlackElo "2459"]
[TimeControl "180+2"]
[EndTime "11:12:48 PST"]
[Termination "Game drawn by repetition"]

1. d4 Nf6 2. c4 g6 3. Nc3 Bg7 4. e4 O-O 5. Nf3 d6 6. Be2 e5 7. dxe5 dxe5 8. Qxd8 Rxd8 9. Bg5 Rf8 10. Nd5 Nxd5 11. cxd5 c6 12. Bc4 b5 13. Bb3 a5 14. a4 bxa4 15. Rxa4 Ba6 16. Rxa5 cxd5 17. Bxd5 Ra7 18. b4 Rc7 19. b5 Bb7 20. Ra7 Bxd5 21.
Rxc7 Bxe4 22. b6 Nc6 23. O-O Rb8 24. b7 h6 25. Rc8+ Kh7 26. Rxb8 Nxb8 27. Be3 Bxb7 28. Rb1 Bxf3 29. Rxb8 Bd5 30. Rb5 Be6 31. Rb7 Bf6 32. Ra7 Kg7 33. h3 g5 34. g4 Kg6 35. Bb6 h5 36. f3 hxg4 37. hxg4 e4 38. Kg2 Bd5 39.
fxe4 Bxe4+ 40. Kf2 Be5 41. Ra6 f6 42. Be3 Bd3 43. Ra7 Bc4 44. Rb7 Bd5 45. Rb4 Bc3 46. Ra4 Be6 47. Kf3 Be5 48. Rb4 Bf7 49. Bd4 Bd5+ 50.
Ke3 Bf4+ 51. Kf2 Be6 52. Kf3 Bd5+ 53. Kf2 Be6 54. Kf3 Bd5+ 55. Ke2 Be6 56. Kf3 Bd5+ 57. Kf2 Be6 58. Rb6 Bxg4 59. Rxf6+ Kh5 60. Be3 Bxe3+ 61.
Kxe3 Kh4 62. Kf2 Bh5 63. Rh6 Kg4 64. Rb6 Bf7 65. Rb4+ Kf5 66. Kg3 Be6 67. Rb5+ Kf6 68. Ra5 Bf5 69. Kf3 Be6 70. Ke4 Bd7 71. Ra6+ Be6 72. Rb6 g4 73. Kf4 Ke7 74. Ke5 Bd7 75.
Rb3 Kf7 76. Rb7 Ke7 77. Rb3 Kf7 78. Rd3 Bc8 79. Rc3 Bd7 80. Kd6 Bf5 81. Ke5 Kg6 82.
Kf4 Be6 83. Rc5 Kf6 84. Rc6 Ke7 85. Ke5 Bd7 86. Rg6 Kf7 87. Rg5 Bc8 88. Rh5 Kg7 89. Rg5+ Kf7 90. Kf4 Kf6 91. Rg8 Be6 92. Rf8+ Ke7 93.
Rb8 Kf6 94. Rb6 Ke7 95. Ke5 Bd7 96. Rg6 Kf7 97. Rf6+ Ke7 98. Rf4 Bc8 99. Rf2 Bd7 100. Rb2 Bc8 101. Rb4 Bd7 102. Rb3 1/2-1/2

[Event "*** Titled Tuesday 3|2 Blitz"]
[Site "Chess.com"]
[Date "2016.01.05"]
[Round "2"]
[White "Aygehovit1992"]
[Black "THORK"]
[Result "1-0"]
[WhiteElo "2426"]
[BlackElo "2160"]
[TimeControl "180+2"]
[EndTime "11:15:08 PST"]
[Termination "Aygehovit1992 won by resignation"]

1. e3 d5 2. Nf3 c6 3. d4 Bg4 4. c4 e6 5. Nc3 f5 6. h3 Bh5 7.
g4 fxg4 8. Ne5 Nf6 9. hxg4 Bf7 10. Nxf7 Kxf7 11. Bd3 Bd6 12. g5 Nfd7 13. Qh5+ Ke7 14.
Bd2 Na6 15. a3 dxc4 16. Bxc4 Nc7 17. Ne4 Nb6 18. Nxd6 Qxd6 19. Bb4 1-0

[Event "*** Titled Tuesday 3|2 Blitz"]
[Site "Chess.com"]
[Date "2016.01.05"]
[Round "2"]
[White "northridgehawk"]
[Black "chorejason"]
[Result "0-1"]
[WhiteElo "1763"]
[BlackElo "1879"]
[TimeControl "180+2"]
[EndTime "11:16:22 PST"]
[Termination "chorejason won by resignation"]

1. e4 c5 2. Nf3 d6 3. d4 cxd4 4. Nxd4 Nf6 5. Nc3 g6 6. Be3 Bg7 7. f3 O-O 8. Qd2 Nc6 9. g4 Be6 10. h4 Rc8 11. Nxe6 fxe6 12. O-O-O Ne5 13. h5 Nxf3 14. Qf2 Nxg4 15. Qe2 Nxe3 16. Qxe3 Rxc3 17. bxc3 Qa5 18. Bc4 Qa3+ 19. Kb1 Bxc3 20. Bxe6+ Kh8 21. Qxc3+ Qxc3 22. hxg6 h6 23. Rxh6+ Kg7 24. Rdh1 Ng5 25. Bb3 a5 26. R6h5 Nxe4 27. Rh7+ Kxg6 28. Rxe7 Nd2+ 29. Kc1 Nxb3+ 30. axb3 Qa1+ 0-1

[Event "*** Titled Tuesday 3|2 Blitz"]
[Site "Chess.com"]
[Date "2016.01.05"]
[Round "2"]
[White "volodja49"]
[Black "rdclayton"]
[Result "0-1"]
[WhiteElo "2291"]
[BlackElo "2105"]
[TimeControl "180+2"]
[EndTime "11:17:03 PST"]
[Termination "rdclayton won by resignation"]

1. d4 Nf6 2. c4 g6 3. Nc3 d5 4. Nf3 Bg7 5. e3 O-O 6. Qb3 dxc4 7. Bxc4 Nc6 8. Ng5 e6 9. Qa4 Nd5 10. Bxd5 exd5 11. Nf3 Bg4 12. Qb5 Bxf3 13. gxf3 Re8 14. Kf1 Qh4 15. Qxb7 Qh3+ 16. Kg1 Nxd4 0-1

[Event "*** Titled Tuesday 3|2 Blitz"]
[Site "Chess.com"]
[Date "2016.01.05"]
[Round "2"]
[White "aspired"]
[Black "Moltini"]
[Result "0-1"]
[WhiteElo "2357"]
[BlackElo "2183"]
[TimeControl "180+2"]
[EndTime "11:18:16 PST"]
[Termination "Moltini won by resignation"]

1. e4 c5 2. Nf3 d6 3. Bb5+ Bd7 4. c4 g6 5. Nc3 Bg7 6. d4 cxd4 7. Nxd4 Nf6 8. O-O O-O 9. h3 a6 10. Bxd7 Nbxd7 11. Be3 Rc8 12. Qb3 Nc5 13. Qc2 b5 14. cxb5 axb5 15.
Ndxb5 Ncxe4 16. Qd3 Nc5 17. Qe2 Qd7 18. Rac1 e5 19. b4 Ne6 20. a4 d5 21. Bd2 d4 22. Ne4 Qd5 23. f3 Nh5 24. Ned6 Rxc1 25. Rxc1 Nhf4 26. Qc4 Qa8 27. a5 Ng5 28. Bxf4 exf4 29.
Qxd4 Bxd4+ 0-1

[Event "*** Titled Tuesday 3|2 Blitz"]
[Site "Chess.com"]
[Date "2016.01.05"]
[Round "2"]
[White "AnimationDomination"]
[Black "ChessSkool"]
[Result "0-1"]
[WhiteElo "1724"]
[BlackElo "2140"]
[TimeControl "180+2"]
[EndTime "11:18:20 PST"]
[Termination "ChessSkool won by resignation"]

1. d4 d5 2. c4 dxc4 3. e3 e5 4. Bxc4 exd4 5. exd4 Bd6 6. Nf3 Nf6 7. O-O O-O 8. Bg5 Nc6 9. Nc3 h6 10. Bh4 Bg4 11.
Be2 Bxf3 12. Bxf3 Nxd4 13. Nd5 Nxf3+ 14. Qxf3 Bxh2+ 15. Kxh2 Qxd5 16. Bxf6 Qxf3 17. gxf3 gxf6 18. Rad1 Rad8 19. Kg2 Rfe8 20. Kg3 c6 21. Kf4 Rxd1 22. Rxd1 Re2 23. Rd7 Rxb2 0-1

[Event "*** Titled Tuesday 3|2 Blitz"]
[Site "Chess.com"]
[Date "2016.01.05"]
[Round "2"]
[White "Shankland"]
[Black "yurisolo"]
[Result "0-1"]
[WhiteElo "2493"]
[BlackElo "2471"]
[TimeControl "180+2"]
[EndTime "11:18:27 PST"]
[Termination "yurisolo won by resignation"]

1. d4 Nf6 2. c4 c6 3. Nf3 d5 4.
Nc3 e6 5. Bg5 dxc4 6. e4 b5 7. e5 h6 8. Bh4 g5 9. Nxg5 hxg5 10.
Bxg5 Nbd7 11. exf6 Bb7 12. g3 Qb6 13. Bg2 O-O-O 14. O-O c5 15. d5 b4 16. Ne2 Bxd5 17.
Bxd5 Ne5 18. Nf4 exd5 19. Re1 Qd6 20. Qe2 Nc6 21. a3 b3 22. Kg2 Bh6 23. Qh5 Bxg5 24. Qxg5 Nd4 25. h4 Rhg8 26. Qh5 Qxf4 27. Qxf7 Qf3+ 0-1

[Event "*** Titled Tuesday 3|2 Blitz"]
[Site "Chess.com"]
[Date "2016.01.05"]
[Round "2"]
[White "alex_zapata"]
[Black "Jahonas"]
[Result "0-1"]
[WhiteElo "2215"]
[BlackElo "2117"]
[TimeControl "180+2"]
[EndTime "11:18:44 PST"]
[Termination "Jahonas won by resignation"]

1. e4 c6 2. d4 d5 3. Nc3 dxe4 4. Nxe4 Nf6 5. Ng5 h6 6. N5f3 Bg4 7. h3 Bh5 8. Bd3 Bxf3 9. Nxf3 e6 10. Qe2 Nbd7 11. Bf4 Qb6 12. O-O-O Be7 13. g4 Nd5 14. Bd2 a5 15. h4 O-O-O 16. g5 hxg5 17. hxg5 g6 18.
a3 Bd6 19. Ne5 Nxe5 20. dxe5 Bc5 21. c4 Ne7 22. f4 Bd4 23. b4 axb4 24. axb4 Qa7 25.
Rxh8 Qa3+ 0-1

[Event "*** Titled Tuesday 3|2 Blitz"]
[Site "Chess.com"]
[Date "2016.01.05"]
[Round "2"]
[White "BIG_Pirate"]
[Black "Haridaskesavan"]
[Result "0-1"]
[WhiteElo "2211"]
[BlackElo "2111"]
[TimeControl "180+2"]
[EndTime "11:19:02 PST"]
[Termination "Haridaskesavan won by resignation"]

1. e4 e5 2. Nf3 Nc6 3. Bb5 a6 4. Ba4 d6 5. O-O Ne7 6. c3 g6 7.
d4 Bd7 8. Be3 Bg7 9. Na3 O-O 10.
Qd2 Nxd4 11. cxd4 Bxa4 12. dxe5 dxe5 13. Qb4 Bd7 14. Bc5 Re8 15. Rfd1 b6 16. Be3 Nc6 17.
Qc3 Qe7 18. Rac1 Rad8 19. Rxd7 Qxd7 20. Qxc6 Qxc6 0-1

[Event "*** Titled Tuesday 3|2 Blitz"]
[Site "Chess.com"]
[Date "2016.01.05"]
[Round "2"]
[White "Carolina-moon"]
[Black "AndrewMcStone"]
[Result "0-1"]
[WhiteElo "2008"]
[BlackElo "1977"]
[TimeControl "180+2"]
[EndTime "11:19:05 PST"]
[Termination "AndrewMcStone won by resignation"]

1. e4 d5 2. Nc3 d4 3. Nce2 c5 4. f4 Nc6 5. Nf3 Bg4 6. Ng3 e5 7. fxe5 Nge7 8. h3 Bxf3 9. Qxf3 Ng6 10. e6 fxe6 11. Bb5 Qc7 12. O-O Bd6 13. Bxc6+ bxc6 14. Nh5 O-O-O 15. d3 Rdf8 16. Qe2 Rxf1+ 17. Qxf1 Rf8 18. Qe2 Bh2+ 19. Kh1 Bg3 20. Nxg3 Qxg3 21. Bd2 Rf2 22. Qxf2 Qxf2 23. Bg5 h6 0-1

[Event "*** Titled Tuesday 3|2 Blitz"]
[Site "Chess.com"]
[Date "2016.01.05"]
[Round "2"]
[White "swayamsm"]
[Black "Gabrielian_Artur"]
[Result "1-0"]
[WhiteElo "2551"]
[BlackElo "2444"]
[TimeControl "180+2"]
[EndTime "11:19:08 PST"]
[Termination "swayamsm won by resignation"]

1. d4 Nf6 2. c4 g6 3. Nc3 d5 4.
Nf3 Bg7 5. Bf4 O-O 6. e3 c5 7. dxc5 dxc4 8. Bxc4 Qa5 9. Rc1 Qxc5 10. Bb3 Qa5 11.
O-O Nc6 12. h3 Bf5 13. Qe2 Ne4 14. Nd5 e5 15. Rxc6 bxc6 16. Ne7+ Kh8 17. Nxc6 Qc5 18. Ncxe5 Qe7 19. Qc4 Nd6 20. Qb4 a5 21. Qa3 a4 22. Bd5 Ra6 23. Nc6 Qd7 24. Bxd6 Re8 25. Nfe5 1-0

[Event "*** Titled Tuesday 3|2 Blitz"]
[Site "Chess.com"]
[Date "2016.01.05"]
[Round "2"]
[White "nijat_a"]
[Black "ChessWarrior7197"]
[Result "1-0"]
[WhiteElo "2659"]
[BlackElo "2437"]
[TimeControl "180+2"]
[EndTime "11:19:16 PST"]
[Termination "nijat_a won by resignation"]

1. e4 c5 2. Nf3 d6 3. d4 cxd4 4.
Nxd4 Nf6 5. Nc3 a6 6. h3 e5 7. Nb3 h5 8. Be3 Be7 9. Be2 Qc7 10. a4 Be6 11. O-O Nbd7 12. Nc1 Nc5 13. Bf3 g6 14. Nd3 O-O 15. a5 Rfd8 16. Nb4 Rac8 17. Qd2 d5 18.
exd5 e4 19. Be2 Qb8 20. Bd4 Nxd5 21. Nbxd5 Bxd5 22. Qh6 f6 23. Qxg6+ Kf8 24. Bxh5 Qd6 25. Bxc5 Rxc5 26. Nxe4 Qc6 27. Nxc5 Qxc5 28. Rad1 Rd6 29. Qe8+ 1-0

[Event "*** Titled Tuesday 3|2 Blitz"]
[Site "Chess.com"]
[Date "2016.01.05"]
[Round "2"]
[White "MateusViageiro"]
[Black "StellarChessPro"]
[Result "0-1"]
[WhiteElo "2242"]
[BlackElo "2209"]
[TimeControl "180+2"]
[EndTime "11:19:47 PST"]
[Termination "StellarChessPro won by resignation"]

1. e4 c6 2. d4 d5 3. Nc3 dxe4 4. Nxe4 Nf6 5. Nxf6+ exf6 6. c3 Bd6 7. Bd3 O-O 8.
Qc2 Re8+ 9. Ne2 g6 10. h4 f5 11.
h5 Nd7 12. Bd2 Nf6 13. hxg6 fxg6 14. O-O-O Be6 15. Kb1 Qa5 16. c4 Bb4 17. Bg5 Ng4 18. Nf4 Bf7 19. Rh4 b5 20. Rdh1 h5 21. Nxh5 gxh5 22. Bxf5 bxc4 23. Rxg4 hxg4 24. Bh7+ Kf8 25. Bh6+ Ke7 26. Qe4+ Kd7 27. Qxg4+ Be6 28. Qf3 c3 29.
Be4 Qxa2+ 30. Kc2 Qb3+ 31. Kc1 Qxb2+ 32. Kd1 Bb3+ 33. Ke1 Rxe4+ 34. Qxe4 Re8 0-1

[Event "*** Titled Tuesday 3|2 Blitz"]
[Site "Chess.com"]
[Date "2016.01.05"]
[Round "2"]
[White "Er_is_geen_hoop_meer"]
[Black "Cecile_Haussernot"]
[Result "0-1"]
[WhiteElo "2300"]
[BlackElo "2207"]
[TimeControl "180+2"]
[EndTime "11:20:01 PST"]
[Termination "Cecile_Haussernot won by resignation"]

1. d4 Nf6 2. c4 e6 3. Nc3 Bb4 4.
Qc2 O-O 5. Nf3 c5 6. dxc5 Na6 7. g3 Nxc5 8. Bg2 d5 9. cxd5 exd5 10. O-O Bg4 11.
Rd1 Bxc3 12. Qxc3 Nce4 13. Qb3 Qe7 14. Be3 b6 15. Rac1 Rac8 16. h3 Be6 17. Nd4 Nc5 18. Qa3 Nfe4 19. Bxe4 dxe4 20. Nxe6 Qxe6 21. Bxc5 bxc5 22.
Rxc5 e3 23. Rxc8 exf2+ 24. Kxf2 Rxc8 25. Qxa7 Qxh3 26. Qb7 Re8 27. Rh1 Qg4 28. Qb5 Qd4+ 29. Kg2 Qe4+ 30. Kg1 Rc8 31. Rh4 Qe3+ 32. Kg2 h6 33. a4 Rc2 34. Kh3 Qe6+ 35. Rg4 Rxe2 36. Qb8+ Kh7 37. Qf4 h5 0-1

[Event "*** Titled Tuesday 3|2 Blitz"]
[Site "Chess.com"]
[Date "2016.01.05"]
[Round "2"]
[White "cool64chess"]
[Black "SmarterChess"]
[Result "0-1"]
[WhiteElo "2218"]
[BlackElo "2131"]
[TimeControl "180+2"]
[EndTime "11:20:21 PST"]
[Termination "SmarterChess won by resignation"]

1. d4 d6 2. Nf3 Bg4 3. e4 g6 4. Be2 Bg7 5. O-O Nd7 6. c3 e6 7. h3 Bxf3 8. Bxf3 Ne7 9. a4 O-O 10.
a5 a6 11. e5 d5 12. Nd2 c5 13.
Nb3 c4 14. Nd2 Nc6 15. Qa4 Qc7 16. b3 cxb3 17. Nxb3 Na7 18. Ba3 Rfc8 19. Bd6 Qc6 20. Qxc6 Rxc6 21. Rfc1 Rac8 22. Nc5 Nxc5 23. dxc5 Nb5 24.
c4 Nxd6 25. cxd5 Rxc5 26. Rxc5 Rxc5 27. exd6 Bxa1 28. d7 Bf6 0-1

[Event "*** Titled Tuesday 3|2 Blitz"]
[Site "Chess.com"]
[Date "2016.01.05"]
[Round "2"]
[White "nfds"]
[Black "stepanosinovsky"]
[Result "0-1"]
[WhiteElo "2341"]
[BlackElo "2208"]
[TimeControl "180+2"]
[EndTime "11:20:24 PST"]
[Termination "stepanosinovsky won by resignation"]

1. d3 e5 2. Nc3 Nf6 3. e4 Bc5 4. g3 h5 5. Bg5 c6 6. Bg2 Qb6 7.
Na4 Bxf2+ 8. Kf1 Qa5 9. Bxf6 gxf6 10. Kxf2 Qxa4 11. c4 Qb4 12. Qe2 d6 13. Nf3 Be6 14.
a3 Qb6+ 15. Ke1 Nd7 16. b4 a5 17. Rb1 axb4 18. axb4 Ra3 19. Qd2 Nc5 20. Bf1 Nxe4 21. dxe4 Rxf3 22. Be2 Re3 23. c5 Rxe2+ 24. Kxe2 dxc5 25.
bxc5 Qxc5 26. Rhc1 Bc4+ 27. Kf3 b5 28. Rd1 Kf8 29.
h3 Kg7 30. g4 hxg4+ 31. hxg4 Rh3+ 32. Kg2 Rd3 33. Qc2 Qe3 34. Qf2 Qh3+ 0-1

[Event "*** Titled Tuesday 3|2 Blitz"]
[Site "Chess.com"]
[Date "2016.01.05"]
[Round "2"]
[White "LyonBeast"]
[Black "oggy1984"]
[Result "1-0"]
[WhiteElo "2780"]
[BlackElo "2179"]
[TimeControl "180+2"]
[EndTime "11:20:26 PST"]
[Termination "LyonBeast won by resignation"]

1. e4 e6 2. Nf3 d5 3. Nc3 Nf6 4.
e5 Nfd7 5. d4 c5 6. Bg5 Qb6 7.
Na4 Qa5+ 8. c3 cxd4 9. Nxd4 Nc6 10. Nxc6 bxc6 11. b4 Qc7 12. f4 h6 13. Bh4 g5 14.
Bg3 gxf4 15. Bxf4 Nxe5 16. Qd4 Bd6 17. O-O-O Bd7 18. Re1 f6 19. Nc5 a5 20. Kb1 axb4 21. cxb4 Bxc5 22. Qxc5 Rb8 23. Be2 Qb6 24. Bh5+ Kd8 25.
Qxb6+ Rxb6 26. a3 Rg8 27. Re2 Nd3 28. Be3 Ra6 29. Ra2 e5 30. Rf1 f5 31. Be2 f4 32.
Bxd3 1-0